TOP OF THE 1ST |
Chula Vista Tacos batting - Pitching for Eau Claire Esquires : RHP Nick Parks
|
Pitching: RHP Nick Parks
|
|
Batting: RHB Jorge Collazo
|
0-0: Fly out, F7 (Flyball, 78S)
|
Batting: RHB John Nelson
|
0-0: Ball 1-0: Ground out 6-3 (Groundball, 6M)
|
Batting: SHB Adrián Nieto
|
0-0: Ball 1-0: Ball 2-0: Called Strike 2-1: Called Strike 2-2: Ground out 1-3 (Groundball, 13)
|
Top of the 1st over - 0 run(s), 0 hit(s), 0 error(s), 0 left on base; Chula Vista 0 - Eau Claire 0 |
BOTTOM OF THE 1ST |
Eau Claire Esquires batting - Pitching for Chula Vista Tacos : RHP Doug Singleton
|
Pitching: RHP Doug Singleton
|
|
Batting: RHB Eric Fuller
|
0-0: Foul Ball, location: 2F 0-1: SINGLE (Groundball, 4D)
|
Batting: LHB Edwin Ryan
|
0-0: Ball Eric Fuller steals 2nd base 1-0: Ball 2-0: Ball 3-0: Base on Balls
|
Batting: RHB Roberto García
|
0-0: Called Strike 0-1: Fly out, F9 (Flyball, 89M)
|
Batting: LHB Michael Cook
|
0-0: Ball Eric Fuller steals 3rd base Edwin Ryan to second 1-0: Foul Ball, location: 2F 1-1: Ball 2-1: Swinging Strike 2-2: Foul Ball, location: 2F 2-2: Ball 3-2: Ground out 6-3 (Groundball, 6M) Eric Fuller scores Edwin Ryan to third
|
Batting: RHB Carlos Rea
|
0-0: Ball 1-0: Ball 2-0: Ball 3-0: Base on Balls
|
Batting: RHB José Ruíz
|
0-0: Ball 1-0: Called Strike 1-1: Foul Ball, location: 2F 1-2: Strikes out looking
|
Bottom of the 1st over - 1 run(s), 1 hit(s), 0 error(s), 2 left on base; Chula Vista 0 - Eau Claire 1 |
TOP OF THE 2ND |
Chula Vista Tacos batting - Pitching for Eau Claire Esquires : RHP Nick Parks
|
Batting: RHB Marty Hendrickson
|
0-0: Ball 1-0: Ball 2-0: Called Strike 2-1: Called Strike 2-2: Foul Ball, location: 2F 2-2: DOUBLE (Flyball, 78XD)
|
Batting: RHB Doug Brown
|
0-0: Ball 1-0: Ball 2-0: Called Strike 2-1: Ball 3-1: Called Strike 3-2: Strikes out swinging
|
Batting: LHB Ken Phillips
|
0-0: SINGLE (Groundball, 4MD) Marty Hendrickson to third Runner from 3rd tries for Home, SAFE, no throw or cutoff
|
Batting: RHB José Oliveira
|
0-0: Swinging Strike 0-1: Ball 1-1: Swinging Strike 1-2: Foul Ball, location: 2F 1-2: Strikes out swinging
|
Batting: LHB Alberto Santos
|
0-0: Swinging Strike 0-1: Swinging Strike 0-2: Strikes out swinging
|
Top of the 2nd over - 1 run(s), 2 hit(s), 0 error(s), 1 left on base; Chula Vista 1 - Eau Claire 1 |
BOTTOM OF THE 2ND |
Eau Claire Esquires batting - Pitching for Chula Vista Tacos : RHP Doug Singleton
|
Batting: RHB Dave Parker
|
0-0: Ball 1-0: Ball 2-0: Ball 3-0: Called Strike 3-1: Fly out, F6 (Popup, 6D)
|
Batting: RHB Seiji Kouno
|
0-0: Ball 1-0: Ball 2-0: Called Strike 2-1: Ball 3-1: Base on Balls
|
Batting: LHB Jorge Fernández
|
0-0: Ball 1-0: SINGLE (Groundball, 34D) Seiji Kouno to second
|
Batting: RHB Eric Fuller
|
0-0: Called Strike 0-1: Ball 1-1: Foul Ball, location: 2F 1-2: Strikes out looking
|
Batting: LHB Edwin Ryan
|
0-0: Fielders Choice at 2nd, 6-4 (Groundball, 6)
|
Bottom of the 2nd over - 0 run(s), 1 hit(s), 0 error(s), 1 left on base; Chula Vista 1 - Eau Claire 1 |
TOP OF THE 3RD |
Chula Vista Tacos batting - Pitching for Eau Claire Esquires : RHP Nick Parks
|
Batting: LHB Jaime Icaza
|
0-0: Ball 1-0: Ground out 4-3 (Groundball, 6MS)
|
Batting: RHB Jorge Collazo
|
0-0: Fly out, F3 (Popup, 4)
|
Batting: RHB John Nelson
|
0-0: Fly out, F8 (Flyball, 8RM)
|
Top of the 3rd over - 0 run(s), 0 hit(s), 0 error(s), 0 left on base; Chula Vista 1 - Eau Claire 1 |
BOTTOM OF THE 3RD |
Eau Claire Esquires batting - Pitching for Chula Vista Tacos : RHP Doug Singleton
|
Batting: RHB Roberto García
|
0-0: Fly out, F3 (Popup, 13)
|
Batting: LHB Michael Cook
|
0-0: Called Strike 0-1: Called Strike 0-2: Ball 1-2: Ball 2-2: Fly out, F8 (Flyball, 78M)
|
Batting: RHB Carlos Rea
|
0-0: Swinging Strike 0-1: Foul Ball, location: 2F 0-2: Ground out 4-3 (Groundball, 4)
|
Bottom of the 3rd over - 0 run(s), 0 hit(s), 0 error(s), 0 left on base; Chula Vista 1 - Eau Claire 1 |
TOP OF THE 4TH |
Chula Vista Tacos batting - Pitching for Eau Claire Esquires : RHP Nick Parks
|
Batting: SHB Adrián Nieto
|
0-0: Foul Ball, location: 2F Reached via error on a dropped throw, E3
|
Batting: RHB Marty Hendrickson
|
0-0: Called Strike 0-1: Ball 1-1: Ball 2-1: SINGLE (Groundball, 25) (infield hit) Adrián Nieto to second
|
Batting: RHB Doug Brown
|
0-0: Ball 1-0: Ball 2-0: Foul Ball, location: 2F 2-1: Ball 3-1: Called Strike 3-2: Foul Ball, location: 2F 3-2: Base on Balls Adrián Nieto to third Marty Hendrickson to second
|
Batting: LHB Ken Phillips
|
0-0: Called Strike 0-1: Ball 1-1: Ball 2-1: SINGLE (Groundball, 5D) Adrián Nieto scores Marty Hendrickson to third Doug Brown to second Runner from 3rd tries for Home, SAFE, no throw or cutoff
|
Batting: RHB José Oliveira
|
0-0: Foul Ball, location: 2F 0-1: Fly out, F7 (Flyball, 7D) Runner from 2nd tags up, SAFE at 3rd, no throw
|
Batting: LHB Alberto Santos
|
0-0: Fly out, F4 (Popup, 4M)
|
Batting: LHB Jaime Icaza
|
0-0: Ball 1-0: Fly out, F5 (Popup, 5DF)
|
Top of the 4th over - 2 run(s), 2 hit(s), 1 error(s), 2 left on base; Chula Vista 3 - Eau Claire 1 |
BOTTOM OF THE 4TH |
Eau Claire Esquires batting - Pitching for Chula Vista Tacos : RHP Doug Singleton
|
Batting: RHB José Ruíz
|
0-0: Called Strike 0-1: Called Strike 0-2: Foul Ball, location: 2F 0-2: Foul Ball, location: 2F 0-2: Foul Ball, location: 2F 0-2: Foul Ball, location: 2F 0-2: SINGLE (Groundball, 34D)
|
Batting: RHB Dave Parker
|
0-0: Called Strike 0-1: Ball 1-1: Fly out, F6 (Line Drive, 6M)
|
Batting: RHB Seiji Kouno
|
0-0: Called Strike 0-1: Ball 1-1: Ball 2-1: Called Strike 2-2: Ball 3-2: Foul Ball, location: 2F 3-2: Foul Ball, location: 2F 3-2: Foul Ball, location: 2F 3-2: SINGLE (Groundball, 56D) José Ruíz to second José Ruíz to third
|
Batting: LHB Jorge Fernández
|
0-0: Called Strike 0-1: Foul Ball, location: 2F 0-2: Ball 1-2: Ball 2-2: Fielders Choice at 2nd, 6-4 (Groundball, 6M) José Ruíz scores
|
Batting: RHB Eric Fuller
|
0-0: Called Strike 0-1: Ball 1-1: SINGLE (Line Drive, 5) Jorge Fernández to second
|
Batting: LHB Edwin Ryan
|
0-0: Ball 1-0: Called Strike 1-1: Foul Ball, location: 2F 1-2: Foul Ball, location: 2F 1-2: Ground out 1-3 (Groundball, 13S)
|
Bottom of the 4th over - 1 run(s), 3 hit(s), 0 error(s), 2 left on base; Chula Vista 3 - Eau Claire 2 |
TOP OF THE 5TH |
Chula Vista Tacos batting - Pitching for Eau Claire Esquires : RHP Nick Parks
|
Batting: RHB Jorge Collazo
|
0-0: Foul Ball, location: 2F 0-1: Foul Ball, location: 2F 0-2: Ball 1-2: Fly out, F9 (Flyball, 89M)
|
Batting: RHB John Nelson
|
0-0: Ball 1-0: Ball 2-0: Ball 3-0: Called Strike 3-1: Fly out, F9 (Flyball, 9M)
|
Batting: SHB Adrián Nieto
|
0-0: Ground out 4-3 (Groundball, 4)
|
Top of the 5th over - 0 run(s), 0 hit(s), 0 error(s), 0 left on base; Chula Vista 3 - Eau Claire 2 |
BOTTOM OF THE 5TH |
Eau Claire Esquires batting - Pitching for Chula Vista Tacos : RHP Doug Singleton
|
Batting: RHB Roberto García
|
0-0: Ball 1-0: SINGLE (Groundball, 56D)
|
Batting: LHB Michael Cook
|
0-0: Called Strike 0-1: Fly out, F9 (Flyball, 89S)
|
Pitching: RHP Mike Marrero
|
|
Batting: RHB Carlos Rea
|
0-0: Ball Wild Pitch! Roberto García to second 1-0: Ball 2-0: Called Strike 2-1: Ground out U3 (Groundball, 3S) Roberto García to third
|
Batting: RHB José Ruíz
|
0-0: Ball 1-0: Called Strike 1-1: Called Strike 1-2: Strikes out swinging
|
Bottom of the 5th over - 0 run(s), 1 hit(s), 0 error(s), 1 left on base; Chula Vista 3 - Eau Claire 2 |
TOP OF THE 6TH |
Chula Vista Tacos batting - Pitching for Eau Claire Esquires : RHP Nick Parks
|
Batting: RHB Marty Hendrickson
|
0-0: Ball 1-0: Ground out 3-1 (Groundball, 34)
|
Batting: RHB Doug Brown
|
0-0: Ball 1-0: Ground out 6-3 (Groundball, 6M)
|
Batting: LHB Ken Phillips
|
0-0: Ground out 3-1 (Groundball, 34S)
|
Top of the 6th over - 0 run(s), 0 hit(s), 0 error(s), 0 left on base; Chula Vista 3 - Eau Claire 2 |
BOTTOM OF THE 6TH |
Eau Claire Esquires batting - Pitching for Chula Vista Tacos : RHP Mike Marrero
|
Batting: RHB Dave Parker
|
0-0: Foul Ball, location: 2F 0-1: SINGLE (Line Drive, 89S)
|
Batting: RHB Seiji Kouno
|
0-0: Ball 1-0: Ball 2-0: Foul Ball, location: 2F 2-1: Foul Ball, location: 2F 2-2: Hit by Pitch Dave Parker to second
|
Batting: LHB Jorge Fernández
|
0-0: Called Strike 0-1: Ball 1-1: Ball 2-1: SINGLE (Groundball, 4M) Dave Parker to third Seiji Kouno to second
|
Batting: RHB Eric Fuller
|
0-0: Called Strike 0-1: Swinging Strike 0-2: Foul Ball, location: 2F 0-2: Ball 1-2: Foul Ball, location: 2F 1-2: Ball 2-2: Foul Ball, location: 2F 2-2: Ball 3-2: Foul Ball, location: 2F 3-2: Grounds into fielders choice 4-2 (Groundball, 13) Seiji Kouno to third Jorge Fernández to second
|
Batting: LHB Edwin Ryan
|
0-0: Ball 1-0: SINGLE (Line Drive, 56S) Seiji Kouno scores Jorge Fernández to third Eric Fuller to second
|
Batting: RHB Roberto García
|
0-0: Foul Ball, location: 2F 0-1: Ball 1-1: Hit by Pitch Jorge Fernández scores Eric Fuller to third Edwin Ryan to second
|
Pitching: LHP Rafael Alemán
|
|
Batting: LHB Michael Cook
|
0-0: Swinging Strike 0-1: Ball 1-1: Grounds into double play, U6-3 (Groundball, 6)
|
Bottom of the 6th over - 2 run(s), 3 hit(s), 0 error(s), 2 left on base; Chula Vista 3 - Eau Claire 4 |
TOP OF THE 7TH |
Chula Vista Tacos batting - Pitching for Eau Claire Esquires : RHP Nick Parks
|
Batting: RHB José Oliveira
|
0-0: Ball 1-0: Ground out 6-3 (Groundball, 6D)
|
Batting: LHB Alberto Santos
|
0-0: Called Strike 0-1: Ball 1-1: Ground out 6-3 (Groundball, 6)
|
Batting: LHB Jaime Icaza
|
0-0: Called Strike 0-1: Ball 1-1: Ground out U3 (Groundball, 3)
|
Top of the 7th over - 0 run(s), 0 hit(s), 0 error(s), 0 left on base; Chula Vista 3 - Eau Claire 4 |
BOTTOM OF THE 7TH |
Eau Claire Esquires batting - Pitching for Chula Vista Tacos : LHP Rafael Alemán
|
Pitching: LHP Jerry Green
|
|
Batting: RHB Carlos Rea
|
0-0: Ground out 6-3 (Groundball, 6)
|
Batting: RHB José Ruíz
|
0-0: Called Strike 0-1: Ball 1-1: Ball 2-1: Ball 3-1: Base on Balls
|
Batting: RHB Dave Parker
|
0-0: Ball 1-0: Grounds into double play, 6-4-3 (Groundball, 6)
|
Bottom of the 7th over - 0 run(s), 0 hit(s), 0 error(s), 0 left on base; Chula Vista 3 - Eau Claire 4 |
TOP OF THE 8TH |
Chula Vista Tacos batting - Pitching for Eau Claire Esquires : RHP Nick Parks
|
Batting: RHB Jorge Collazo
|
0-0: Ball 1-0: Ball 2-0: Ball 3-0: Called Strike 3-1: Fly out, F4 (Popup, 4)
|
Batting: RHB John Nelson
|
0-0: Foul Ball, location: 2F 0-1: Ball 1-1: Called Strike 1-2: Ball 2-2: Ball 3-2: Strikes out looking
|
Batting: SHB Adrián Nieto
|
0-0: Called Strike 0-1: Ball 1-1: Ball 2-1: Ball 3-1: Called Strike 3-2: Fly out, F8 (Flyball, 8LM)
|
Top of the 8th over - 0 run(s), 0 hit(s), 0 error(s), 0 left on base; Chula Vista 3 - Eau Claire 4 |
BOTTOM OF THE 8TH |
Eau Claire Esquires batting - Pitching for Chula Vista Tacos : LHP Jerry Green
|
Batting: RHB Seiji Kouno
|
0-0: Ball 1-0: Ball 2-0: Called Strike 2-1: SINGLE (Groundball, 25) (infield hit)
|
Pinch Hitting: RHB Ronald Parsons
|
0-0: Called Strike 0-1: Ball 1-1: Ball 2-1: SINGLE (Line Drive, 6D) Seiji Kouno to second
|
Batting: RHB Eric Fuller
|
0-0: Ball 1-0: Fly out, F7 (Line Drive, 7S)
|
Batting: LHB Edwin Ryan
|
0-0: Swinging Strike 0-1: Ball 1-1: Foul Ball, location: 2F 1-2: Ball 2-2: SINGLE (Groundball, 34S) Seiji Kouno to third Ronald Parsons to second
|
Batting: RHB Roberto García
|
0-0: Ball 1-0: Foul Ball, location: 2F 1-1: Foul Ball, location: 2F 1-2: Foul Ball, location: 2F 1-2: Grounds into double play, 4-6-3 (Groundball, 4M)
|
Bottom of the 8th over - 0 run(s), 3 hit(s), 0 error(s), 2 left on base; Chula Vista 3 - Eau Claire 4 |
TOP OF THE 9TH |
Chula Vista Tacos batting - Pitching for Eau Claire Esquires : RHP Nick Parks
|
Pitching: RHP Ignacio Beltrán
|
|
Now at C: Zack Flint
|
|
Now in CF: Manny Salazar
|
|
Batting: RHB Marty Hendrickson
|
0-0: Ball 1-0: Swinging Strike 1-1: Swinging Strike 1-2: Strikes out swinging
|
Batting: RHB Doug Brown
|
0-0: Foul Ball, location: 2F 0-1: Swinging Strike 0-2: Strikes out swinging
|
Pinch Hitting: RHB Ricardo Guzmán
|
0-0: Called Strike 0-1: Called Strike 0-2: Foul Ball, location: 2F 0-2: Foul Ball, location: 2F 0-2: Strikes out swinging
|
Top of the 9th over - 0 run(s), 0 hit(s), 0 error(s), 0 left on base; Chula Vista 3 - Eau Claire 4 |
|